 Dungeon Crawl Stone Soup version 0.21.1-1-g345015f (webtiles) character file.

354 tognito the Cleaver (level 6, -1/76 HPs)
             Began as a Minotaur Berserker on June 29, 2018.
             Was a Priest of Trog.
             Slain by a wight
             ... wielding a cursed +3 flail of freezing
              (2 damage)
             ... on level 4 of the Dungeon.
             The game lasted 00:04:55 (2847 turns).

tognito the Cleaver (Minotaur Berserker)            Turns: 2847, Time: 00:04:56

Health: -1/76      AC:  9    Str: 28    XL:     6   Next: 35%
Magic:  5/5        EV:  8    Int:  8    God:    Trog [***...]
Gold:   195        SH:  0    Dex: 10    Spells: 5/5 levels left

rFire    . . .     SeeInvis .   a - +0 war axe
rCold    . . .     Gourm    .   (no shield)
rNeg     . . .     Faith    .   e - +0 chain mail
rPois    .         Spirit   .   (helmet restricted)
rElec    .         Reflect  .   (no cloak)
rCorr    .         Harm     .   (no gloves)
MR       .....                  o - +0 pair of boots
Stlth    ..........             (no amulet)
HPRegen  0.22/turn              h - +4 ring of intelligence
MPRegen  0.09/turn              (no ring)

@: berserking, drained, very quick
A: retaliatory headbutt, horns 2
a: Berserk, Trog's Hand, Burn Spellbooks, Renounce Religion


You were on level 4 of the Dungeon.
You worshipped Trog.
Trog was most pleased with you.
You were hungry.

You visited 1 branch of the dungeon, and saw 4 of its levels.

You collected 195 gold pieces.

Inventory:

Hand Weapons
 a - a +0 war axe (weapon)
Missiles
 j - 32 arrows
 n - 13 bolts
Armour
 e - a +0 chain mail (worn)
 o - a +0 pair of boots (worn)
Jewellery
 h - a +4 ring of intelligence (left hand)
Scrolls
 b - 5 scrolls of identify {unknown}
 d - 2 scrolls of remove curse {unknown}
 i - 2 scrolls of blinking {unknown}
 k - a scroll of fog {unknown}
 l - a scroll of magic mapping {unknown}
 m - 2 scrolls of enchant armour {unknown}
 q - a scroll of noise {unknown}
Potions
 g - a potion of cancellation
 p - a potion of brilliance
Comestibles
 c - 6 rations


   Skills:
 - Level 3.6(2.5) Fighting
 + Level 8.7(7.5) Axes
 - Level 2.4(1.4) Armour
 - Level 2.1(1.2) Dodging


You had 5 spell levels left.
You didn't know any spells.

Dungeon Overview and Level Annotations

Branches:
Dungeon (4/15)
 Temple: D:4-7

Altars:


Innate Abilities, Weirdness & Mutations

You reflexively headbutt those who attack you in melee.
You have a pair of horns on your head.


Message History

You headbutt the wight, but do no damage.
The wight hits you from afar with an enchanted trident.
* * * LOW HITPOINT WARNING * * *
You hit the wight.
You destroy the wight!
Trog accepts your kill.
The wight hits you from afar with an enchanted trident!
* * * LOW HITPOINT WARNING * * *
A red film seems to cover your vision as you go berserk!
You feel yourself moving faster!
You feel mighty!
You are feeling hungry.
The wight hits you from afar with an enchanted trident.
* * * LOW HITPOINT WARNING * * *
You feel drained.
The wight hits you with a flail of freezing.
* * * LOW HITPOINT WARNING * * *
You feel drained.
* * * LOW HITPOINT WARNING * * *
The wight freezes you.
You die...

#.# ##.##
#...###
#.#....#
##.#.#.##
##.#...####
......#....#
#####...##.#
##.###@# #.#
#z# #. .z#
## #..# #...
#.## #. #.


You could see 2 wights.

Vanquished Creatures
  A scorpion (D:4)
  A wight (D:4)
  2 orc priests (D:3)
  Jessica (D:3)
  7 adders
  3 oozes
  4 dart slugs
  A leopard gecko (D:4)
  10 orcs
  4 giant cockroaches
  7 goblins
  8 hobgoblins
  4 jackals (D:2)
  10 kobolds
  2 quokkas (D:2)
  3 ball pythons
  6 bats
  3 frilled lizards
  7 rats
84 creatures vanquished.

Notes
Turn   | Place    | Note
-------+----------+-------------------------------------------
     0 | D:1      | tognito the Minotaur Berserker began the quest for the Orb.
     0 | D:1      | Reached XP level 1. HP: 19/19 MP: 0/0
   118 | D:1      | Reached skill level 4 in Axes
   154 | D:1      | Reached XP level 2. HP: 23/26 MP: 1/1
   373 | D:1      | Reached ** piety under Trog
   507 | D:1      | Reached skill level 5 in Axes
   689 | D:2      | Reached XP level 3. HP: 23/31 MP: 2/2
  1091 | D:2      | Reached skill level 6 in Axes
  1091 | D:2      | Reached XP level 4. HP: 29/39 MP: 3/3
  1615 | D:3      | Reached skill level 7 in Axes
  1615 | D:3      | Reached XP level 5. HP: 26/45 MP: 4/4
  1795 | D:3      | Noticed Jessica
  1806 | D:3      | Killed Jessica
  1943 | D:3      | Reached *** piety under Trog
  2043 | D:3      | Reached skill level 8 in Axes
  2602 | D:4      | Reached XP level 6. HP: 41/51 MP: 5/5
  2847 | D:4      | HP: 3/76 [wight/flail of freezing (6)]
  2847 | D:4      | HP: 1/76 [wight/flail of freezing (2)]
  2847 | D:4      | Slain by a wight

Skill      XL: |  1  2  3  4  5 |
---------------+----------------+-----
Axes           | 4 5 6 7 8 |  8.7
Fighting       | |  3.6
Armour         | |  2.4
Dodging        | |  2.1

Action                   |  1- 3 |  4- 6 || total
-------------------------+-------+-------++-------
Melee: Hand axe          |    75 |    51 ||   126
       Headbutt          |     9 |    26 ||    35
       War axe           |       |    64 ||    64
Invok: Burn Spellbooks   |       |     1 ||     1
       Berserk           |       |     1 ||     1
  Use: Potion            |     3 |     1 ||     4
  Eat: Chunk             |     1 |     5 ||     6
Armor: Chain mail        |    44 |    59 ||   103
Dodge: Dodged            |    27 |    50 ||    77
